Mega comeback

Match 24450850
End
Engineer Squad
Selects Airborne Battlegroup
Selects Heavy Machine Gun Paradrop
Heavy Machine Gun Paradrop
Engineer Squad
Heavy Machine Gun Paradrop
Mechanized Support Center
Selects Paratrooper Squad Paradrop
Paratrooper Squad Paradrop
Construct Weapon Support Center
M16 Multiple Gun Motor Carriage
Heavy Machine Gun Paradrop
Construct Tank Depot
Construct Medical Station
Paratrooper Squad Paradrop
Selects Recon Loiter
Selects Supply Drop
Supply Drop
M4A1 Sherman Medium Tank
Improvised Armor
Supply Drop
Selects Anti-tank Gun Team Paradrop
Anti-tank Gun Team Paradrop
Recon Loiter
M4A1 76mm Conversion
Recon Loiter
M4A1(76) Sherman Medium Tank
Selects Carpet Bombing Run
Supply Drop
Anti-tank Gun Team Paradrop
Recon Loiter
Paratrooper Squad Paradrop
Recon Loiter
M4A1(76) Sherman Medium Tank
Supply Drop
Engineer Squad
Supply Drop
Engineer Squad
Recon Loiter
Engineer Squad
Paratrooper Squad Paradrop
Recon Loiter
M4A1(76) Sherman Medium Tank
Recon Loiter
indu
Taivar
IronChest
ItsMeAgain
0
0

Comments sign in to comment!

No comments posted yet!